Map: Proxima Station LE

Players

aLive

  • Race: Terran Terran
  • Spawn Location: 7:00

INnoVation - Winner!

  • Race: Terran Terran
  • Spawn Location: 1:00

Event: IEM XI Katowice - World Championship 2017

VOD

Have the link to the VOD?

Description

Time

  • Played on: March 4, 2017, 10:18 a.m.
  • Length: 11:29

All games in this series

Show
View Real Time Build Order
Export as new Build Order

aLive Terran 

Build Orders: Command Center First (CC), Bio Tank 

Get SALT Encoding   

  12  0:00  SCV  
  13  0:12  SCV  
  14  0:17  Supply Depot  
  14  0:24  SCV  
  15  0:39  SCV  
  16  0:51  SCV  
  17  1:00  Command Center  
  17  1:03  SCV  
  18  1:09  Refinery  
  18  1:19  Barracks  
  18  1:21  SCV  
  19  1:33  SCV  
  20  1:45  Refinery, SCV  
  21  1:58  SCV  
  22  2:06  Reaper  
  23  2:10  Orbital Command  
  23  2:17  Orbital Command  
  23  2:23  Factory  
  23  2:38  SCV  
  23  2:42  Barracks Reactor  
  24  2:50  SCV x2  
  25  2:56  Barracks  
  25  3:02  SCV x2  
  27  3:08  Cyclone  
  27  3:09  Starport  
  30  3:14  SCV x2  
  30  3:19  Marine  
  33  3:20  Marine, Supply Depot  
  33  3:26  SCV x2  
  36  3:37  Marine  
  36  3:38  Marine  
  38  3:41  SCV x2, Cyclone  
  38  3:44  Barracks Tech Lab  
  38  3:48  Viking  
  45  3:55  Supply Depot  
  45  3:59  Supply Depot  
  45  4:02  Marine  
  45  4:03  Stimpack  
  46  4:15  Factory Tech Lab  
  46  4:16  Marine x2  
  47  4:20  Marine  
  47  4:22  Supply Depot  
  49  4:24  SCV x2, Engineering Bay  
  49  4:25  Barracks  
  47  4:36  SCV x2  
  45  4:46  Starport Reactor  
  45  4:48  Marine x3, SCV x2  
  50  4:54  Refinery  
  50  5:00  SCV x2  
  50  5:05  Terran Infantry Weapons Level 1, Supply Depot  
  52  5:10  Marine x3  
  52  5:12  SCV  
  52  5:13  SCV  
  57  5:22  Barracks Reactor  
  57  5:25  SCV x2  
  59  5:30  Supply Depot, Medivac  
  59  5:31  Medivac  
  59  5:35  Marine x2  
  63  5:36  Marine  
  63  5:37  SCV x2  
  63  5:41  Supply Depot  
  68  5:46  Siege Tank  
  71  5:50  SCV x2  
  71  5:53  Supply Depot  
  73  5:59  Marine  
  73  6:00  Marine  
  75  6:06  Combat Shields  
  75  6:08  Marine x3  
  75  6:09  SCV  
  78  6:12  SCV  
  78  6:15  Refinery  
  78  6:17  Marine  
  80  6:22  Marine  
  80  6:23  Medivac x2  
  87  6:25  SCV x2  
  87  6:34  Marine x3  
  87  6:35  Supply Depot, Marine  
  87  6:39  Marine  
  92  6:48  Command Center  
  92  6:51  Marine  
  86  7:01  Marine x2  
  86  7:02  Marine x2  
  85  7:10  Marine  
  83  7:15  Armory  
  83  7:16  Engineering Bay  
  83  7:19  Barracks  
  83  7:20  Medivac, Barracks  
  83  7:21  Siege Tank, Medivac  
  90  7:23  Marine  
  90  7:25  SCV  
  90  7:27  SCV  
  93  7:32  Terran Infantry Armor Level 1  
  93  7:36  Supply Depot  
  93  7:40  SCV x2  
  90  7:45  Marine x5  
  94  7:52  SCV  
  94  7:53  SCV  
  96  7:59  Siege Tank  
  96  8:03  Marine x5  
  96  8:04  Terran Infantry Weapons Level 2  
  104  8:09  Barracks Reactor x2  
  87  8:21  Marine x4  
  87  8:22  Marine, Medivac x2  
  87  8:23  Orbital Command  
  87  8:26  Refinery x2  
  94  8:27  SCV  
  94  8:28  SCV  
  96  8:35  Siege Tank  
  96  8:39  Factory, SCV  
  96  8:40  SCV  
  101  8:44  Supply Depot  
  101  8:46  Marine x2, Supply Depot  
  101  8:47  Marine  
  101  8:48  Marine  
  105  8:49  Marine  
  105  8:51  Marine  
  105  8:53  SCV  
  105  9:04  Terran Vehicle Weapons Level 1  
  101  9:11  Marine  
  101  9:12  Marine x8  
  101  9:13  Siege Tank  
  101  9:16  SCV x3  
  116  9:19  Sensor Tower  
  116  9:28  SCV x3  
  116  9:29  Factory Tech Lab  
  118  9:35  Marine x7  
  118  9:36  Marine  
  118  9:37  Marine  
  121  9:52  Marine  
  121  9:53  Marine x4  
  121  9:58  Siege Tank x2  
  132  10:17  Supply Depot  
  132  10:18  Supply Depot x2  
  132  10:19  Supply Depot  
  132  10:27  Marine  
  133  10:38  Marine x8  
  133  10:40  Viking x2  
  145  10:44  Marine  
  149  10:51  Supply Depot  
  149  10:54  Supply Depot, Siege Tank  
  149  10:56  Marine x8  
  160  11:03  Supply Depot  
Show
View Real Time Build Order
Export as new Build Order

INnoVation Terran - Winner!

Build Orders: Reaper Expand, Bio Tank 

Get SALT Encoding   

  12  0:00  SCV  
  13  0:12  SCV  
  14  0:18  Supply Depot  
  14  0:24  SCV  
  14  0:27  Refinery  
  15  0:39  SCV  
  16  0:44  Barracks  
  16  0:51  SCV  
  17  1:03  SCV  
  18  1:16  SCV  
  19  1:31  Reaper, Orbital Command  
  20  1:47  Command Center  
  20  1:57  Factory  
  20  2:01  SCV  
  21  2:05  Barracks Reactor  
  21  2:12  Refinery  
  21  2:13  SCV  
  22  2:21  Supply Depot  
  22  2:25  SCV  
  23  2:41  Starport  
  23  2:42  SCV  
  23  2:44  Widow Mine  
  24  2:49  Marine x2  
  28  2:54  SCV  
  29  3:02  Orbital Command  
  29  3:06  SCV  
  29  3:10  Marine  
  31  3:13  Marine  
  31  3:18  Medivac  
  34  3:20  SCV  
  35  3:27  Factory Tech Lab  
  35  3:28  SCV  
  35  3:29  Marine  
  35  3:31  Marine  
  35  3:33  SCV  
  39  3:37  Supply Depot  
  39  3:42  SCV  
  39  3:45  SCV  
  41  3:53  Raven  
  43  3:56  Factory Tech Lab, SCV  
  43  3:57  SCV  
  43  3:59  Marine, Supply Depot  
  43  4:00  Marine  
  47  4:08  SCV  
  47  4:09  SCV  
  49  4:18  Command Center  
  49  4:20  SCV  
  49  4:21  SCV  
  51  4:35  SCV x2  
  51  4:37  Raven  
  54  4:39  Marine x2, Refinery  
  54  4:40  Refinery  
  54  4:42  Supply Depot  
  56  4:47  SCV x2  
  56  4:50  Siege Tank  
  56  4:52  Supply Depot  
  59  4:59  SCV x2  
  60  5:11  SCV x2  
  62  5:24  SCV  
  62  5:25  Siege Tank  
  59  5:29  Marine, Stimpack  
  59  5:31  SCV, Orbital Command  
  59  5:34  Engineering Bay, Barracks  
  59  5:35  Barracks  
  61  5:36  SCV  
  61  5:39  Engineering Bay  
  62  5:43  Viking, SCV  
  62  5:44  Viking  
  62  5:48  SCV  
  62  5:49  Marine  
  68  5:55  SCV  
  70  5:57  Siege Tank, SCV  
  70  6:00  SCV  
  70  6:02  Terran Infantry Weapons Level 1  
  75  6:04  Terran Infantry Armor Level 1  
  75  6:07  SCV  
  75  6:09  SCV  
  77  6:11  Marine  
  77  6:12  SCV  
  77  6:13  Barracks  
  77  6:15  Barracks  
  79  6:19  Viking x2, SCV  
  79  6:22  Barracks Reactor  
  79  6:23  Barracks Reactor  
  79  6:24  SCV  
  79  6:25  SCV  
  86  6:30  Marine  
  86  6:31  SCV  
  87  6:35  Siege Tank  
  87  6:37  SCV  
  91  6:40  Supply Depot  
  91  6:42  SCV  
  91  6:44  Missile Turret, SCV  
  91  6:45  Refinery x2  
  93  6:49  SCV  
  82  6:57  SCV x2  
  82  7:01  SCV  
  84  7:04  Barracks Reactor x2  
  84  7:05  Marine  
  84  7:06  Marine x4  
  84  7:07  Sensor Tower  
  88  7:09  SCV x2  
  89  7:16  SCV  
  89  7:20  Supply Depot  
  89  7:21  SCV  
  89  7:22  SCV  
  92  7:23  Siege Tank  
  92  7:27  Marine x5  
  100  7:31  Combat Shields  
  100  7:34  SCV  
  101  7:42  SCV, Medivac x2  
  106  7:45  SCV  
  106  7:46  SCV  
  106  7:50  Supply Depot  
  108  7:52  Supply Depot  
  108  7:53  Armory  
  108  7:54  SCV  
  109  8:00  Sensor Tower  
  109  8:04  SCV  
  109  8:07  SCV  
  109  8:08  Marine  
  109  8:11  Marine x4  
  109  8:12  Marine, Medivac x2  
  117  8:13  Supply Depot, Siege Tank  
  117  8:15  SCV  
  117  8:16  SCV  
  117  8:19  SCV  
  116  8:24  Marine x3  
  116  8:26  Marine, Supply Depot  
  116  8:27  SCV  
  121  8:28  SCV  
  121  8:29  Marine x2  
  121  8:30  Marine  
  125  8:34  Marine x2  
  125  8:35  SCV  
  128  8:41  Marine  
  128  8:42  Marine  
  128  8:46  Medivac  
  128  8:47  Terran Infantry Weapons Level 2, Terran Infantry Armor Level 2  
  128  8:48  Medivac  
  134  8:49  Supply Depot, Marine x3  
  134  8:50  Marine x2  
  134  8:52  Marine  
  134  8:54  Marine  
  141  9:04  Terran Vehicle Weapons Level 1  
  141  9:05  Supply Depot  
  141  9:09  Marine x2  
  141  9:10  Marine x5, Siege Tank  
  141  9:13  Factory  
  149  9:17  Supply Depot  
  149  9:21  Supply Depot  
  149  9:27  Marine x3, Medivac x2  
  156  9:35  SCV x2  
  156  9:37  Command Center  
  157  9:39  Marine x6, SCV  
  157  9:45  Marine x2  
  166  9:49  Supply Depot  
  166  9:50  Supply Depot  
  166  9:51  Siege Tank  
  169  9:57  Medivac x2  
  173  10:00  Factory Tech Lab  
  173  10:05  Supply Depot  
  173  10:10  Marine x5  
  178  10:23  Siege Tank  
  178  10:24  Marine x4, Siege Tank  
  178  10:27  Medivac x2  
  178  10:28  Marine x4, Supply Depot  
  196  10:41  Barracks x2  
  194  10:56  Siege Tank x2  

Tags
 
Add a new tag
Caveats
  • Supply blocks, unpowered buildings, or Contaminate may cause inaccurate times.
  • Supply counts are checked every 10 seconds.